 Dungeon Crawl Stone Soup version 0.29.1-13-g9f3cf754e1 (webtiles) character file.

Game seed: 1030010923340405917

111 HOAXBANE the Charlatan (level 5, -4/37 HPs)
             Began as a Human Artificer on Feb 6, 2023.
             Was an Initiate of Hepliaklqana.
             Slain by a river rat (13 damage)
             ... on level 3 of the Dungeon.
             The game lasted 00:23:30 (3467 turns).

HOAXBANE the Charlatan (Human Artificer)            Turns: 3467, Time: 00:23:31

Health: -4/37      AC: 10    Str: 18    XL:     5   Next: 15%
Magic:  5/5        EV: 11    Int: 14    God:    Hepliaklqana [......]
Gold:   114        SH:  0    Dex: 13    Spells: 3/4 levels left

rFire   . . .      SeeInvis .   n - +1 whip (elec)
rCold   . . .      Faith    .   k - orb {mayhem}
rNeg    . . .      Spirit   .   i - +0 ring mail
rPois   .          Reflect  .   (no helmet)
rElec   .          Harm     .   (no cloak)
rCorr   .          Rampage  .   (no gloves)
Will    .....                   h - +0 pair of boots
Stlth   +.........              (no amulet)
HPRegen 0.12/turn               f - +6 ring of strength
MPRegen 0.09/turn               l - +4 ring of protection

@: no status effects
A: no striking features
a: Renounce Religion


You were on level 3 of the Dungeon.
You worshipped Hepliaklqana.
Hepliaklqana was noncommittal.
You visited 1 branch of the dungeon, and saw 3 of its levels.

You collected 114 gold pieces.

Inventory:

Hand Weapons
 n - a +1 whip of electrocution (weapon)
Missiles
 q - 6 poisoned darts (quivered)
Armour
 b - a +0 plate armour
 h - a +0 pair of boots (worn)
 i - a +0 ring mail (worn)
 k - an orb of mayhem (worn)
Magical Staves
 r - a staff of conjuration
Jewellery
 f - a +6 ring of strength (left hand)
 g - a ring of positive energy
 l - a +4 ring of protection (right hand)
 p - an amulet of faith
Wands
 c - a wand of flame (38)
 d - a wand of charming (15)
 e - a wand of iceblast (5)
Scrolls
 m - 2 scrolls of identify
Potions
 a - 2 potions of might
 j - a potion of heal wounds
 o - 2 potions of ambrosia {unknown}


   Skills:
 - Level 1.0 Fighting
 - Level 1.3 Maces & Flails
 + Level 0.1(0.7) Staves
 + Level 2.9 Armour
 - Level 2.0 Dodging
 - Level 1.0 Stealth
 + Level 0.5 Conjurations
 + Level 0.6 Fire Magic
 + Level 4.0 Evocations


You had 3 spell levels left.
You knew the following spells:

 Your Spells              Type           Power      Damage    Failure   Level
a - Foxfire               Conj/Fire      4%         2x1d4     36%         1

Your spell library contained the following spells:

 Spells                   Type           Power      Damage    Failure   Level
 Conjure Flame            Conj/Fire      1%         6-21      75%         3
 Inner Flame              Hex/Fire       0%         N/A       78%         3
 Flame Wave               Conj/Fire      1%         2d4       98%         4


Dungeon Overview and Level Annotations

Branches:
Dungeon (3/15)

Altars:
Dithmenos
Hepliaklqana


Message History

The river rat is heavily wounded.
The river rat bites you but does no damage.
You barely miss the river rat.
The river rat is severely wounded.
The river rat closely misses you.
You hit the river rat.
You kill the river rat!
The river rat flies into a frenzy!
The river rat bites you but does no damage.
You hit the river rat but do no damage. The river rat barely misses you.
The river rat closely misses you.
You hit the river rat but do no damage.
The river rat bites you but does no damage.
The river rat bites you.
You hit the river rat.
The river rat is heavily wounded.
The river rat bites you. The river rat barely misses you.
You hit the river rat but do no damage.
The river rat is heavily wounded.
The river rat bites you but does no damage.
The river rat bites you!
You barely miss the river rat.
The river rat is heavily wounded.
The river rat bites you but does no damage.
You closely miss the river rat.
The river rat is heavily wounded.
The river rat bites you but does no damage.
The river rat barely misses you.
Unknown command.
You hit the river rat.
The river rat is severely wounded.
The river rat bites you! The river rat bites you.
* * * LOW HITPOINT WARNING * * *
You hit the river rat but do no damage.
The river rat is severely wounded.
The river rat misses you.
You hear the crackle of electricity.
n - a +1 whip of electrocution (weapon)
The river rat bites you!
You die...

##########
#........#
#.######.#
# #.# #.#
#########.#
#.#
##..†.....#
#@#
##.########
#r# ##.#
#†# ##.#
#(# ##.#
#(. ##.#
#.# ##.###
#~~ .....#
#~~ ##.#.##
#~#


You could see a neutral river rat (fast, strong, insane).

Vanquished Creatures
  2 adders
  A river rat (D:3)
  2 worms (D:2)
  3 dart slugs
  An orc (D:3)
  6 endoplasms
  A giant cockroach (D:2)
  5 goblins
  6 hobgoblins
  5 jackals (D:2)
  7 kobolds
  6 quokkas
  6 ball pythons
  4 bats
  2 frilled lizards
  7 rats
64 creatures vanquished.

Vanquished Creatures (others)
  2 foxfires (D:3)
2 creatures vanquished.

Grand Total: 66 creatures vanquished

Notes
Turn   | Place    | Note
-------+----------+-------------------------------------------
     0 | D:1      | HOAXBANE the Human Artificer began the quest for the Orb.
     0 | D:1      | Reached XP level 1. HP: 15/15 MP: 1/1
   220 | D:1      | Reached XP level 2. HP: 18/21 MP: 2/2
  1357 | D:2      | Reached XP level 3. HP: 18/26 MP: 3/3
  2161 | D:2      | Reached XP level 4. HP: 32/32 MP: 4/4
  2693 | D:3      | Reached skill level 4 in Evocations
  2715 | D:3      | Found a shadowy altar of Dithmenos.
  2745 | D:3      | Learned a level 1 spell: Foxfire
  2792 | D:3      | Reached skill level 1 in Maces & Flails
  3024 | D:3      | Found a hazy altar of Hepliaklqana.
  3039 | D:3      | Became a worshipper of Hepliaklqana the Forgotten
  3124 | D:3      | Reached XP level 5. HP: 36/37 MP: 5/5
  3148 | D:3      | Identified a scroll of acquirement
  3148 | D:3      | Acquired a staff of conjuration
  3467 | D:3      | Slain by a river rat

Illustrated notes

Levels and vault maps discovered:
D:1:      evilmike_arrival_crescent, layout_loops_ring,
          minmay_misc_feat_enclosed, roderic_cross_of_infinity
D:2:      layout_loops_cross
D:3:      layout_basic, nicolae_overflow_crystal_walls, old_standard_altar,
          lightli_sewer_entry_pipes

Skill      XL: |  1  2  3  4 |
---------------+-------------+-----
Dodging        | 2 |  2.0
Evocations     | 4 |  4.0
Maces & Flails | 1 |  1.3
Fighting       | |  1.0
Staves         | |  0.1
Armour         | |  2.9
Stealth        | |  1.0
Conjurations   | |  0.5
Fire Magic     | |  0.6

Action                   |  1- 3 |  4- 6 || total
-------------------------+-------+-------++-------
Melee: Short sword       |   118 |       ||   118
       Club              |     5 |       ||     5
       Punch             |     1 |       ||     1
       Whip              |     7 |   111 ||   118
       Staff             |       |    14 ||    14
Throw: Dart              |       |     2 ||     2
 Cast: Foxfire           |       |     2 ||     2
Evoke: Wand              |     1 |       ||     1
  Use: Scroll            |     3 |     3 ||     6
 Stab: Sleeping          |     3 |       ||     3
Armor: Leather armour    |     8 |       ||     8
       Plate armour      |    66 |    60 ||   126
       Ring mail         |       |    29 ||    29
Dodge: Dodged            |    27 |    55 ||    82
